 Dungeon Crawl Stone Soup version 0.20-a0-490-g2d938b1 (webtiles) character file.

646 Ilsensine the Covered (level 7, -9/56 HPs)
             Began as a Barachian Fighter on Jan 15, 2017.
             Was an Initiate of Cheibriados.
             Mangled by a wyvern (11 damage)
             ... on level 5 of the Dungeon.
             The game lasted 00:23:40 (4215 turns).

Ilsensine the Covered (Barachian Fighter)           Turns: 4215, Time: 00:23:41

Health: -9/56      AC:  8    Str: 17    XL:     7   Next: 52%
Magic:  6/8        EV:  7    Int:  7    God:    Cheibriados [......]
Gold:   272        SH:  9    Dex: 12    Spells: 6/6 levels left

rFire    . . .     SeeInvis +   a - +2 long sword
rCold    . . .     Gourm    .   b - +1 scale mail
rNeg     . . .     Faith    .   c - +0 shield
rPois    .         Spirit   .   (no helmet)
rElec    .         Reflect  .   (no cloak)
rCorr    .         Harm     .   (no gloves)
MR       .....                  (no boots)
Stlth    ..........             (no amulet)
Regen    0.1/turn               (no ring)
                                k - ring of wizardry

@: can't hop, very slow
A: swims, talons 1, see invisible, slowness 1, wild magic 1, strong legs 1
a: Hop, Bend Time, Renounce Religion


You were on level 5 of the Dungeon.
You worshipped Cheibriados.
Cheibriados was noncommittal.
You were not hungry.

You visited 2 branches of the dungeon, and saw 6 of its levels.

You collected 272 gold pieces.

Inventory:

Hand Weapons
 a - a +2 long sword (weapon)
Armour
 b - a +1 scale mail (worn)
 c - a +0 shield (worn)
Jewellery
 k - a ring of wizardry (left hand)
Wands
 p - a wand of lightning (4/15)
 q - a wand of polymorph (8/24)
Scrolls
 d - a scroll of remove curse
 j - 2 scrolls of teleportation
 o - a scroll of amnesia
Potions
 e - a potion of brilliance {unknown}
 l - a potion of ambrosia
 m - a potion of haste
 n - a potion of flight {unknown}
Comestibles
 f - 3 bread rations
 g - 4 fruits
 h - 3 chunks of flesh


   Skills:
 * Level 5.5 Fighting
 + Level 4.0 Long Blades
 * Level 6.0 Armour
 - Level 0.8 Dodging
 - Level 0.2 Stealth
 + Level 4.2 Shields
 + Level 1.6 Invocations


You had 6 spell levels left.
You didn't know any spells.

Dungeon Overview and Level Annotations

Branches:
Dungeon (5/15)             Temple (1/1) D:4

Altars:
Ashenzari
Cheibriados
Dithmenos
Elyvilon
Fedhas
Gozag
Hepliaklqana
Kikubaaqudgha
Makhleb
Nemelex Xobeh
Okawaru
Qazlal
Ru
Sif Muna
Trog
Uskayaw
Vehumet
Xom
Zin
The Shining One


Innate Abilities, Weirdness & Mutations

You can swim through water.
You cover ground slowly.
You can hop short distances.
You have sharp toenails.
You have supernaturally acute eyesight. (SInv)
Your spells are a little harder to cast, but a little more powerful.


Message History

You block the wyvern's attack. The wyvern bites you!
* * * LOW HITPOINT WARNING * * *
Okay, then.
Hop to where?
Press: ? - help, Dir - move target cursor Boing!
You block the wyvern's attack. The flow of time bends around you.
Cheibriados rebukes the wyvern.
The wyvern seems to slow down.
You feel slightly more hungry. You block the wyvern's attack.
Found a mace.
The wyvern bites you!
* * * LOW HITPOINT WARNING * * *
You block the wyvern's attack.
Found a leather armour.
There is an open door here.
Found a ring mail.
The wyvern bites you!
You die...

......#)).......#
####.......##.#..
#.......# #
#.......#
#..#.>..#
######..#....#
.............#
.......##'####
###.@l....#
#[........+
#.#.......# #
##......#
#......#
####..... .....#
.[....


You could see a wyvern.

Vanquished Creatures
  2 ice beasts (D:5)
  A jelly (D:5)
  A quasit (D:5)
  2 hounds (D:4)
  2 orc wizards (D:5)
  4 worker ants
  The ghost of M4edhros the Sneak, a weakling OpAr (D:3)
  9 adders
  An adder skeleton (D:4)
  A worm (D:3)
  A dart slug (D:1)
  2 leopard geckos
  4 orcs
  A ball python (D:2)
  4 giant cockroaches
  12 goblins
  8 hobgoblins
  6 jackals
  7 kobolds
  4 bats
  3 frilled lizards
  A leopard gecko zombie (D:5)
  6 rats
83 creatures vanquished.

Notes
Turn   | Place    | Note
-------+----------+-------------------------------------------
     0 | D:1      | Ilsensine the Barachian Fighter began the quest for the Orb.
     0 | D:1      | Reached XP level 1. HP: 18/18 MP: 1/1
   159 | D:1      | Reached XP level 2. HP: 20/24 MP: 2/2
   641 | D:1      | Gained mutation: You have sharp toenails. [potion of mutation]
   641 | D:1      | Gained mutation: You have supernaturally acute eyesight. (SInv) [potion of mutation]
   641 | D:1      | Gained mutation: Your spells are a little harder to cast, but a little more powerful. [potion of mutation]
   875 | D:2      | Reached XP level 3. HP: 25/30 MP: 3/3
  1246 | D:2      | Reached skill level 4 in Armour
  1246 | D:2      | Reached XP level 4. HP: 33/37 MP: 4/4
  1262 | D:2      | Found a sacrificial altar of Ru.
  1851 | D:3      | Reached XP level 5. HP: 34/42 MP: 5/5
  2207 | D:3      | Noticed M4edhros's ghost (weakling OpAr)
  2218 | D:3      | Killed M4edhros's ghost
  2770 | D:4      | Reached skill level 5 in Armour
  3084 | D:4      | Found a staircase to the Ecumenical Temple.
  3096 | D:4      | Reached XP level 6. HP: 37/49 MP: 6/6
  3199 | Temple   | Entered the Ecumenical Temple
  3300 | Temple   | Became a worshipper of Cheibriados the Contemplative
  3489 | D:5      | Entered Level 5 of the Dungeon
  3823 | D:5      | Noticed an ice beast
  3851 | D:5      | Killed an ice beast
  3851 | D:5      | Reached skill level 5 in Fighting
  3851 | D:5      | Reached skill level 1 in Invocations
  3851 | D:5      | Reached XP level 7. HP: 30/56 MP: 5/7
  4186 | D:5      | Reached skill level 6 in Armour
  4203 | D:5      | Noticed a wyvern
  4211 | D:5      | HP: 1/56 [wyvern (15)]
  4215 | D:5      | Mangled by a wyvern

Vault maps used:
D:1:      mrwooster_arrival_statue_2, serial_bayou_pond_d
D:2:      lemuel_statue_altar
D:3:      lightli_corner_chamber
D:4:      first_bread, st_stairs_8
D:5:      basic_altar, nemelex_diamond_rough_becter
Temple:   regret_index_temple_sigil_plot

Skill      XL: |  1  2  3  4  5  6  7 |
---------------+----------------------+-----
Armour         | 4 5 6 |  6.0
Fighting       | 4 5 |  5.5
Long Blades    | 3 4 |  4.0
Invocations    | 1 |  1.6
Shields        | 4 |  4.2
Dodging        | |  0.8
Stealth        | |  0.2

Action                   |  1- 3 |  4- 6 |  7- 9 || total
-------------------------+-------+-------+-------++-------
Melee: Long sword        |   103 |   204 |    34 ||   341
       Kick              |    11 |    42 |    15 ||    68
Invok: Bend Time         |       |     1 |     1 ||     2
 Abil: Hop               |     1 |     1 |     1 ||     3
  Use: Scroll            |     3 |     7 |       ||    10
       Potion            |     2 |     6 |       ||     8
 Stab: Sleeping          |       |     1 |       ||     1
  Eat: Chunk             |     2 |     6 |       ||     8
       Bread ration      |       |     1 |       ||     1
       Beef jerky        |       |     1 |       ||     1
Armor: Scale mail        |    40 |   112 |    15 ||   167
Dodge: Dodged            |    42 |    85 |    13 ||   140
Block: Shield            |    57 |   122 |    22 ||   201
       Rpst.: Long sword |    13 |    34 |     4 ||    51
